 Dungeon Crawl Stone Soup version 0.31-a0-180-g519b7de00c (webtiles) character file.

Game seed: 15043631812707409165

559 qw the Shooter (level 7, -1/64 HPs)
             Began as a Naga Hunter on June 19, 2023.
             Slain by a lemure (6 damage)
             ... led by Pikel
             ... on level 7 of the Dungeon.
             The game lasted 00:01:10 (2914 turns).

qw the Shooter (Naga Hunter)                        Turns: 2914, Time: 00:01:11

Health: -1/64      AC:  5    Str: 13    XL:     7   Next: 31%
Magic:  7/7        EV:  9    Int: 10    God:
Gold:   142        SH:  0    Dex: 16    Spells: 6/6 levels left

rFire   . . .        Y - +0 shortbow
rCold   . . .        (shield currently unavailable)
rNeg    . . .        c - +0 leather armour
rPois   +            h - +1 helmet
rElec   .            (no cloak)
rCorr   .            (no gloves)
SInv    +            (no barding)
Will    .....        (no amulet)
Stlth   ++           (no ring)
HPRegen 0.30/turn    (no ring)
MPRegen 0.10/turn

%: no passive effects
@: short of breath, very slow
A: AC +2, large, see invisible, deformed body, poison resistance, slowness 2,
spit poison 1, naga tail 1
a: Spit Poison


You were on level 7 of the Dungeon.
You visited 1 branch of the dungeon, and saw 5 of its levels.

You collected 142 gold pieces.


Innate Abilities, Weirdness & Mutations

Your serpentine skin is tough. (AC +2)
You have supernaturally acute eyesight. (SInv)
Armour fits poorly on your strangely shaped body.
Your system is resistant to poisons. (rPois)
You cover ground very slowly.
You can spit poison.
You have a snake-like lower body.


   Skills:
 - Level 4.0 Fighting
 - Level 7.1 Ranged Weapons
 + Level 1.5 Dodging
 - Level 1.5 Stealth


You had 6 spell levels left.
You didn't know any spells.
Your spell library was empty.

Inventory:

Hand Weapons
 Y - a +0 shortbow (weapon)
Armour
 c - a +0 leather armour (worn)
 h - a +1 helmet (worn)
Jewellery
 g - a ring of fire
 m - a ring of ice
Scrolls
 a - 2 scrolls of identify
 e - a scroll of blinking {unknown}
Potions
 b - 2 potions of enlightenment
 d - a potion of mutation
 f - 3 potions of haste
 i - a potion of curing

Dungeon Overview and Level Annotations

Branches:
Dungeon (4/15)
 Temple: D:4-7

Altars:

Shops:
D:1 [

Annotations:
D:3 1 runed translucent door, Crazy Yiuf


Message History

Your Ranged Weapons skill increases to level 7!
You shoot an arrow.
The arrow hits the lemure but does no damage.
The lemure is lightly wounded.
The centaur barely misses you. The centaur completely misses you.
The lemure barely misses you. The centaur hits you.
The centaur barely misses you.
You shoot an arrow. The arrow barely misses the lemure.
The arrow hits the ice beast.
The ice beast is lightly wounded.
You have got your breath back.
The centaur barely misses you. x2; The lemure hits you.
The centaur hits you. The centaur kicks you.
2911 ||| INVOKING Spit Poison.
Aiming: Spit Poison (1% risk of failure)
Press: ? - help, Shift-Dir - straight line, f/p - lemure The splash of poison hits the lemure.
The lemure is moderately wounded.
The lemure barely misses you.
The centaur hits you but does no damage.
The centaur kicks you.
You shoot an arrow.
The arrow hits the lemure but does no damage.
The lemure is moderately wounded.
The centaur closely misses you. The centaur barely misses you.
The lemure barely misses you. The centaur barely misses you. x2
A lemure comes into view.
The lemure hits you.
You shoot an arrow. The lemure shouts!
The arrow hits the lemure but does no damage.
The lemure is moderately wounded.
The centaur barely misses you. x2; The lemure hits you.
You shoot an arrow. The arrow closely misses the lemure.
The arrow hits the ice beast!
The ice beast is heavily wounded.
The centaur hits you.
The centaur kicks you but does no damage.
The centaur closely misses you. The centaur misses you. The lemure hits you.
You die...

#.####### #.......#
#.#####.# #.# #.# #.#
#.## #.#####.)#
..#############....###.#
...5..c.........##.#.#.#
#.Y5@.......###.....#
#######.....# #.....#
#.....# ##...## #.....#
##.## ####### #.# #.#
#.# ..# ###


You could see an ice beast, 2 lemures and a centaur.

Vanquished Creatures
  A black bear (D:7)
  An ogre (D:2)
  A scorpion (D:7)
  A hound (D:4)
  An orc priest (D:4)
  2 iguanas (D:4)
  Robin (D:3)
  4 gnolls
  8 adders
  2 worms
  4 dart slugs
  An orc (D:4)
  9 ball pythons
  6 endoplasms
  3 giant cockroaches
  16 goblins
  7 hobgoblins
  A quokka (D:2)
  5 bats
  4 frilled lizards
  7 kobolds
  12 rats
97 creatures vanquished.

Vanquished Creatures (others)
  A goblin (D:2)
1 creature vanquished.

Grand Total: 98 creatures vanquished

Notes
Turn   | Place    | Note
-------+----------+-------------------------------------------
     0 | D:1      | qw the Naga Hunter began the quest for the Orb.
     0 | D:1      | Reached XP level 1. HP: 19/19 MP: 1/1
     0 | D:1      | 0 ||| qw: Version: 0.3-a-7-ge0c9b40
     0 | D:1      | 0 ||| qw: Game counter: 1086
     0 | D:1      | 0 ||| qw: Always use a shield: true
     0 | D:1      | 0 ||| qw: God list: Okawaru
     0 | D:1      | 0 ||| qw: Allow faded altars: false
     0 | D:1      | 0 ||| qw: Do Orc after D:15 true
     0 | D:1      | 0 ||| qw: Do second Lair branch before Depths: true
     0 | D:1      | 0 ||| qw: Lair rune preference: random
     0 | D:1      | 0 ||| qw: Plans: Normal
     0 | D:1      | 0 ||| PLANNING D:1-11
    21 | D:1      | 21 ||| INVOKING Spit Poison.
    27 | D:1      | 27 ||| INVOKING Spit Poison.
    35 | D:1      | 35 ||| INVOKING Spit Poison.
    65 | D:1      | 65 ||| INVOKING Spit Poison.
    66 | D:1      | Reached skill level 4 in Ranged Weapons
    66 | D:1      | Reached XP level 2. HP: 26/26 MP: 2/2
   100 | D:1      | 100 ||| INVOKING Spit Poison.
   138 | D:1      | 138 ||| INVOKING Spit Poison.
   171 | D:1      | 171 ||| INVOKING Spit Poison.
   172 | D:1      | Reached XP level 3. HP: 32/32 MP: 3/3
   209 | D:1      | 209 ||| INVOKING Spit Poison.
   213 | D:1      | 213 ||| INVOKING Spit Poison.
   278 | D:1      | 278 ||| INVOKING Spit Poison.
   333 | D:1      | Found Jupnoaqe's Antique Armour Shoppe.
   341 | D:1      | 341 ||| SHOPLISTING cloak (135 gold, have 34).
   341 | D:1      | 341 ||| SHOPLISTING pair of gloves (135 gold, have 34).
   341 | D:1      | 341 ||| SHOPLISTING runed robe (111 gold, have 34).
   341 | D:1      | 341 ||| SHOPLISTING shiny ring mail (210 gold, have 34).
   374 | D:1      | 374 ||| INVOKING Spit Poison.
   427 | D:1      | 427 ||| INVOKING Spit Poison.
   460 | D:1      | 460 ||| INVOKING Spit Poison.
   518 | D:1      | 518 ||| READING 2 scrolls labelled JINIBR IGEPE.
   519 | D:1      | 519 ||| READING scroll labelled NUPHIOXIUPH.
   520 | D:1      | 520 ||| READING scroll labelled TOKOHUOFESU.
   521 | D:1      | 521 ||| DROPPING scroll of butterflies.
   540 | D:2      | 540 ||| INVOKING Spit Poison.
   543 | D:2      | 543 ||| STAIRDANCE
   545 | D:1      | 545 ||| INVOKING Spit Poison.
   546 | D:1      | 546 ||| INVOKING Spit Poison.
   552 | D:1      | 552 ||| INVOKING Spit Poison.
   621 | D:2      | 621 ||| INVOKING Spit Poison.
   680 | D:2      | 680 ||| INVOKING Spit Poison.
   685 | D:2      | 685 ||| INVOKING Spit Poison.
   693 | D:2      | Reached skill level 5 in Ranged Weapons
   693 | D:2      | Reached XP level 4. HP: 39/39 MP: 4/4
   693 | D:2      | 693 ||| INVOKING Spit Poison.
   695 | D:2      | Noticed an ogre
   697 | D:2      | 697 ||| INVOKING Spit Poison.
   701 | D:2      | 701 ||| INVOKING Spit Poison.
   701 | D:2      | Killed an ogre
   702 | D:2      | Reached skill level 3 in Fighting
   702 | D:2      | Reached XP level 5. HP: 50/50 MP: 5/5
   726 | D:2      | 726 ||| INVOKING Spit Poison.
   743 | D:2      | 743 ||| INVOKING Spit Poison.
   788 | D:2      | 788 ||| INVOKING Spit Poison.
   798 | D:2      | 798 ||| INVOKING Spit Poison.
   811 | D:2      | 811 ||| INVOKING Spit Poison.
   820 | D:2      | 820 ||| INVOKING Spit Poison.
   837 | D:2      | 837 ||| INVOKING Spit Poison.
   883 | D:2      | 883 ||| INVOKING Spit Poison.
   935 | D:2      | 935 ||| INVOKING Spit Poison.
   956 | D:2      | 956 ||| INVOKING Spit Poison.
  1117 | D:2      | 1117 ||| INVOKING Spit Poison.
  1150 | D:2      | Found a faded altar of an unknown god.
  1305 | D:2      | 1305 ||| READING scroll labelled HAVAB ETEPYN.
  1308 | D:2      | 1308 ||| DRINKING 2 silvery potions.
  1309 | D:2      | 1309 ||| READING 3 scrolls of identify.
  1309 | D:2      | 1309 ||| IDENTIFYING grey potion
  1310 | D:2      | 1310 ||| READING 2 scrolls of identify.
  1310 | D:2      | 1310 ||| IDENTIFYING yellow potion
  1324 | D:3      | Noticed Robin
  1325 | D:3      | 1325 ||| INVOKING Spit Poison.
  1329 | D:3      | 1329 ||| STAIRDANCE
  1331 | D:2      | 1331 ||| INVOKING Spit Poison.
  1339 | D:2      | 1339 ||| INVOKING Spit Poison.
  1411 | D:3      | 1411 ||| STAIRDANCE
  1413 | D:2      | 1413 ||| INVOKING Spit Poison.
  1418 | D:2      | 1418 ||| INVOKING Spit Poison.
  1488 | D:3      | 1488 ||| INVOKING Spit Poison.
  1491 | D:3      | 1491 ||| STAIRDANCE
  1494 | D:2      | 1494 ||| INVOKING Spit Poison.
  1600 | D:3      | 1600 ||| INVOKING Spit Poison.
  1602 | D:3      | Killed Robin
  1613 | D:3      | 1613 ||| INVOKING Spit Poison.
  1683 | D:3      | 1683 ||| INVOKING Spit Poison.
  1726 | D:3      | 1726 ||| INVOKING Spit Poison.
  1729 | D:3      | 1729 ||| INVOKING Spit Poison.
  1855 | D:3      | 1855 ||| INVOKING Spit Poison.
  1860 | D:3      | 1860 ||| INVOKING Spit Poison.
  1877 | D:3      | 1877 ||| INVOKING Spit Poison.
  1881 | D:3      | Reached XP level 6. HP: 57/57 MP: 6/6
  1904 | D:3      | 1904 ||| INVOKING Spit Poison.
  1970 | D:3      | 1970 ||| INVOKING Spit Poison.
  1993 | D:3      | 1993 ||| INVOKING Spit Poison.
  1997 | D:3      | 1997 ||| INVOKING Spit Poison.
  2000 | D:3      | 2000 ||| INVOKING Spit Poison.
  2004 | D:3      | 2004 ||| INVOKING Spit Poison.
  2103 | D:3      | 2103 ||| INVOKING Spit Poison.
  2200 | D:3      | Identified the +9 dagger "Wiptuacu" {pain, Fragile Dex+7}
  2331 | D:3      | Found a runed translucent door.
  2332 | D:3      | Noticed Crazy Yiuf
  2379 | D:3      | 2379 ||| UPGRADING to +0 helmet.
  2384 | D:3      | 2384 ||| READING scroll labelled GOG IT IGEE.
  2385 | D:3      | 2385 ||| READING 2 scrolls labelled VIYLLU KIOJI.
  2386 | D:3      | 2386 ||| DRINKING 2 fizzy inky potions.
  2387 | D:3      | 2387 ||| DRINKING 2 purple potions.
  2388 | D:3      | 2388 ||| READING 3 scrolls of identify.
  2388 | D:3      | 2388 ||| IDENTIFYING amethyst potion
  2389 | D:3      | 2389 ||| DROPPING potion of brilliance.
  2390 | D:3      | 2390 ||| DROPPING scroll of poison.
  2441 | D:4      | 2441 ||| INVOKING Spit Poison.
  2446 | D:4      | Reached skill level 6 in Ranged Weapons
  2448 | D:4      | 2448 ||| INVOKING Spit Poison.
  2453 | D:4      | 2453 ||| INVOKING Spit Poison.
  2453 | D:4      | HP: 10/57 [hound (5)]
  2454 | D:4      | 2454 ||| DRINKING potion of heal wounds.
  2458 | D:4      | 2458 ||| INVOKING Spit Poison.
  2458 | D:4      | HP: 9/57 [hound (2)]
  2462 | D:4      | HP: 1/57 [hound (4)]
  2463 | D:4      | 2463 ||| INVOKING Spit Poison.
  2666 | D:4      | 2666 ||| INVOKING Spit Poison.
  2672 | D:4      | 2672 ||| INVOKING Spit Poison.
  2676 | D:4      | 2676 ||| INVOKING Spit Poison.
  2699 | D:4      | 2699 ||| INVOKING Spit Poison.
  2710 | D:4      | 2710 ||| READING scroll of enchant armour.
  2710 | D:4      | 2710 ||| ENCHANTING +0 helmet.
  2723 | D:4      | 2723 ||| INVOKING Spit Poison.
  2729 | D:4      | 2729 ||| INVOKING Spit Poison.
  2781 | D:4      | 2781 ||| INVOKING Spit Poison.
  2788 | D:4      | 2788 ||| INVOKING Spit Poison.
  2860 | D:4      | You fall into a shaft and drop 3 floors!
  2885 | D:7      | 2885 ||| INVOKING Spit Poison.
  2889 | D:7      | Reached XP level 7. HP: 64/64 MP: 7/7
  2896 | D:7      | 2896 ||| INVOKING Spit Poison.
  2902 | D:7      | 2902 ||| INVOKING Spit Poison.
  2908 | D:7      | 2908 ||| INVOKING Spit Poison.
  2909 | D:7      | Reached skill level 7 in Ranged Weapons
  2910 | D:7      | HP: 15/64 [centaur (3)]
  2911 | D:7      | 2911 ||| INVOKING Spit Poison.
  2913 | D:7      | HP: 5/64 [lemure[Pikel] (3)]
  2914 | D:7      | Slain by a lemure

Levels and vault maps discovered:
D:1:      minmay_arrival_semitransparent, layout_basic, serial_shops, shop
D:2:      minmay_alternating_diamond, layout_basic,
          dilly_ecumenical_altar_fadedgnrine, minmay_tetromino_i4
D:3:      layout_loops_ring, uniq_crazy_yiuf_cottage, uniq_robin
D:4:      layout_basic, minmay_temple_entry_proselytizer
D:7:      nzn_winding_woodlands_medium [nzn_winding_woodlands_5x5_checkerboard,
          nzn_winding_woodlands_5x15_crooked,
          nzn_winding_woodlands_5x5_closed_star,
          nzn_winding_woodlands_5x5_perimeter,
          nzn_winding_woodlands_center_diamonds,
          nzn_winding_woodlands_5x5_open_star, nzn_winding_woodlands_5x5_cross,
          nzn_winding_woodlands_5x15_jagged, nzn_winding_woodlands_5x5_default],
          layout_loops_cross, enter_bailey_5, uniq_pikel, uniq_joseph

Skill      XL: |  1  2  3  4  5  6  7 |
---------------+----------------------+-----
Ranged Weapons | 4 5 6 7 |  7.1
Fighting       | 3 4 |  4.0
Dodging        | |  1.5
Stealth        | |  1.5

Action                     |  1- 3 |  4- 6 |  7- 9 || total
---------------------------+-------+-------+-------++-------
   Fire: Shortbow          |    55 |   136 |    16 ||   207
Ability: Spit Poison       |    19 |    50 |     4 ||    73
    Use: Scroll            |     3 |     7 |       ||    10
         Potion            |       |     4 |       ||     4
 Armour: Leather armour    |     8 |    28 |    23 ||    59
  Dodge: Dodged            |    23 |    49 |    36 ||   108

Table legend:
 A = Non-vault XP
 B = Vault XP
 C = Vault XP percentage of total XP
 D = Non-vault monster count
 E = Vault monster count
 F = Vault count percentage of total count
                 A         B        C        D         E       F
            +---------+---------+-------+---------+---------+-------
      Total |     683 |     116 |  14.5 |      76 |      21 |  21.6
            +---------+---------+-------+---------+---------+-------
        D:1 |      65 |       0 |   0.0 |      25 |       0 |   0.0
        D:2 |     157 |      54 |  25.6 |      23 |      16 |  41.0
        D:3 |      94 |      21 |  18.3 |      15 |       4 |  21.1
        D:4 |     154 |      41 |  21.0 |      11 |       1 |   8.3
        D:7 |     213 |       0 |   0.0 |       2 |       0 |   0.0
            +---------+---------+-------+---------+---------+-------
